 Dungeon Crawl Stone Soup version 0.21.1-1-g345015f (webtiles) character file.

430 homeworkjunkie the Chopper (level 6, -8/53 HPs)
             Began as a Hill Orc Fighter on Feb 28, 2018.
             Killed from afar by an orc wizard (9 damage)
             ... with a magic dart
             ... on level 4 of the Dungeon.
             The game lasted 00:07:28 (2695 turns).

homeworkjunkie the Chopper (Hill Orc Fighter)       Turns: 2695, Time: 00:07:29

Health: -8/53      AC: 12    Str: 20    XL:     6   Next: 99%
Magic:  6/6        EV:  5    Int:  8    God:
Gold:   175        SH:  9    Dex: 11    Spells: 5/5 levels left

rFire    . . .     SeeInvis .   a - +0 war axe
rCold    . . .     Gourm    .   c - +0 shield
rNeg     . . .     Faith    .   j - +0 chain mail
rPois    .         Spirit   .   g - +2 helmet
rElec    .         Reflect  .   (no cloak)
rCorr    .         Harm     .   (no gloves)
MR       .....                  (no boots)
Stlth    ..........             (no amulet)
HPRegen  0.17/turn              (no ring)
MPRegen  0.10/turn              (no ring)

@: no status effects
A: no striking features
a: Convert to Beogh


You were on level 4 of the Dungeon.
You were not hungry.

You visited 1 branch of the dungeon, and saw 5 of its levels.

You collected 175 gold pieces.

Inventory:

Hand Weapons
 a - a +0 war axe (weapon)
Armour
 c - a +0 shield (worn)
 g - a +2 helmet (worn)
 j - a +0 chain mail (worn)
Scrolls
 b - 3 scrolls of immolation
 e - a scroll of remove curse
 k - a scroll of identify
Potions
 f - a potion of haste {unknown}
 h - a potion of invisibility
 i - 3 potions of flight
 m - a potion of cancellation {unknown}


   Skills:
 * Level 4.7 Fighting
 * Level 6.6 Axes
 * Level 4.7 Armour
 + Level 0.4 Dodging
 * Level 4.7 Shields


You had 5 spell levels left.
You didn't know any spells.

Dungeon Overview and Level Annotations

Branches:
Dungeon (5/15)
 Temple: D:4-7

Altars:
Ashenzari
Nemelex Xobeh
Qazlal


Message History

The orc priest shouts, "Surrender to Beogh and we'll let you live!" (press Y on the ability menu to convert to Beogh)
An orc comes into view. It is wielding a flail.
The orc priest shouts, "Surrender to Beogh and we'll let you live!"
You hit the orc wizard.
The orc wizard is moderately wounded.
The orc wizard hits you but does no damage.
The orc priest invokes the aid of Beogh against you.
Beogh smites you!
* * * LOW HITPOINT WARNING * * *
You block the orc wizard's attack.
The orc priest invokes the aid of Beogh against you.
Beogh smites you!
* * * LOW HITPOINT WARNING * * *
You closely miss the orc wizard.
The orc wizard is moderately wounded.
You block the orc wizard's attack.
The orc wizard points at you and mumbles some strange words.
The magic dart hits you!
You die...

#..........#
#..........# .
#...<......#.# .
#......o...#.# .
##.###....##.# #.
#.#....### #
#o###....... #.....# ..
. ##.@o.## #.# #
##..##..# .. #.
##..####.##.# ##..
#.)## #..#.##...#
#......#######......###
#.....# #..............
#.!... ...#####.#..###
#..... ##...## ###
#.... #######....# #..


You could see an orc priest and 2 orc wizards.

Vanquished Creatures
  An ogre (D:4)
  A bullfrog (D:3)
  A scorpion (D:3)
  A crimson imp (D:3)
  2 worker ants
  6 adders
  An ooze (D:3)
  An adder skeleton (D:4)
  2 worms
  4 dart slugs
  3 leopard geckos
  5 orcs
  A ball python (D:3)
  12 bats
  9 giant cockroaches
  7 goblins
  5 hobgoblins
  5 kobolds
  8 rats
75 creatures vanquished.

Notes
Turn   | Place    | Note
-------+----------+-------------------------------------------
     0 | D:1      | homeworkjunkie the Hill Orc Fighter began the quest for the Orb.
     0 | D:1      | Reached XP level 1. HP: 19/19 MP: 1/1
   342 | D:1      | Reached XP level 2. HP: 27/27 MP: 2/2
   509 | D:1      | You fall through a shaft!
   544 | D:3      | Reached XP level 3. HP: 30/33 MP: 3/3
   552 | D:3      | Reached skill level 3 in Axes
   901 | D:1      | Reached XP level 4. HP: 40/40 MP: 4/4
   939 | D:2      | Found a shattered altar of Ashenzari.
  1117 | D:2      | Found a sparkling altar of Nemelex Xobeh.
  1524 | D:1      | Reached skill level 4 in Axes
  2029 | D:3      | Noticed a bullfrog
  2033 | D:3      | Killed a bullfrog
  2033 | D:3      | Reached XP level 5. HP: 40/46 MP: 5/5
  2109 | D:3      | Reached skill level 5 in Axes
  2222 | D:3      | Reached XP level 6. HP: 49/52 MP: 6/6
  2242 | D:3      | Reached skill level 6 in Axes
  2472 | D:3      | Found a faded altar of an unknown god.
  2577 | D:5      | Entered Level 5 of the Dungeon
  2577 | D:5      | Found a stormy altar of Qazlal.
  2694 | D:4      | HP: 1/53 [orc priest/divine providence (12)]
  2695 | D:4      | Killed from afar by an orc wizard

Skill      XL: |  1  2  3  4  5  6 |
---------------+-------------------+-----
Fighting       | 4 |  4.7
Armour         | 4 |  4.7
Axes           | 3 4 5 6 |  6.6
Shields        | 4 |  4.7
Dodging        | |  0.4

Action                   |  1- 3 |  4- 6 || total
-------------------------+-------+-------++-------
Melee: War axe           |    79 |   180 ||   259
  Use: Scroll            |       |     9 ||     9
       Potion            |       |     5 ||     5
  Eat: Ration            |       |     2 ||     2
Armor: Scale mail        |    36 |    10 ||    46
       Chain mail        |       |   116 ||   116
Dodge: Dodged            |    33 |    37 ||    70
Block: Shield            |    44 |    94 ||   138
